 Dungeon Crawl Stone Soup version 0.28-b1-25-g9875b3fc8c (webtiles) character file.

Game seed: 14979018108243514746

18 sanka the Magician (level 2, 14/14 HPs)
             Began as a Deep Elf Transmuter on Feb 8, 2022.
             Was a Follower of Hepliaklqana.
             Quit the game on level 1 of the Dungeon.
             The game lasted 00:01:09 (922 turns).

sanka the Magician (Deep Elf Transmuter)             Turns: 922, Time: 00:01:10

Health: 14/14      AC:  2    Str:  7    XL:     2   Next: 48%
Magic:  9/9        EV: 12    Int: 17    God:    Hepliaklqana [*.....]
Gold:   31         SH:  0    Dex: 15    Spells: 8/9 levels left

rFire   . . .      SeeInvis .     - Unarmed
rCold   . . .      Faith    .   (no shield)
rNeg    . . .      Spirit   .   a - +0 robe
rPois   .          Reflect  .   (no helmet)
rElec   .          Harm     .   (no cloak)
rCorr   .          Rampage  .   (no gloves)
Will    .....                   (no boots)
Stlth   +.........              (no amulet)
HPRegen 0.04/turn               (no ring)
MPRegen 0.11/turn               (no ring)

@: no status effects
A: reduced essence
a: Renounce Religion, Recall Ancestor, Ancestor Identity


You were on level 1 of the Dungeon.
You worshipped Hepliaklqana.
Hepliaklqana was aware of your devotion.
You visited 1 branch of the dungeon, and saw 2 of its levels.

You collected 31 gold pieces.

Inventory:

Armour
 a - a +0 robe (worn)
Scrolls
 c - a scroll of identify {unknown}
 d - a scroll of enchant weapon {unknown}
 f - a scroll of enchant armour {unknown}
Potions
 b - a potion of brilliance {unknown}
 e - a potion of degeneration {unknown}


   Skills:
 - Level 0.7 Fighting
 - Level 2.4 Dodging
 - Level 2.4 Unarmed Combat
 + Level 4.4 Spellcasting
 - Level 2.1 Transmutations


You had 8 spell levels left.
You knew the following spells:

 Your Spells              Type           Power      Damage    Failure   Level
a - Beastly Appendage     Tmut           22%        N/A       6%          1

Your spell library contained the following spells:

 Spells                   Type           Power      Damage    Failure   Level
 Wereblood                Tmut           11%        N/A       10%         2
 Spider Form              Tmut/Pois      7%         N/A       28%         3
 Ice Form                 Ice/Tmut       7%         N/A       67%         4


Dungeon Overview and Level Annotations

Branches:
Dungeon (2/15)

Altars:
Hepliaklqana


Message History

You kill the jackal!
The quokka bites you.
You see here a jackal corpse.
You hit the quokka. You claw the quokka.
You kill the quokka!
You start resting.
Your horns disappear.
Your talons disappear.
You start resting.
HP restored.
There is a stone staircase leading down, spattered with blood here.
You see here a jackal skeleton.
There is a fountain of clear blue water here.
f - a scroll labelled COGHEL ROHOXIA
Found 32 bolts.
An endoplasm comes into view.
An endoplasm is nearby!
You grow a pair of large bovine horns.
Your feet morph into talons.
Found a bubbling ruby potion.
You barely miss the endoplasm. You headbutt the endoplasm.
You kill the endoplasm!
No target in view!
No target in view!
You extend your transformation's duration.
Search for what [? for help]? altar Your transformation is almost over.
Magic restored.
Your horns disappear.
Your talons disappear.
There is a dry fountain here.
There is a faded altar of an unknown god here.
You cannot tell which god this altar belongs to.
Convert to them anyway?
Okay, then.
You cannot tell which god this altar belongs to.
Convert to them anyway?
Hepliaklqana accepts your prayer! Hepliaklqana welcomes you!
Hepliaklqana forms a fragment of your life essence into the memory of your ancestor, Shatu-murrim!
You can now recall your ancestor.
You can now remember your ancestor's identity.
Unknown command.
Press < or > to pray at altars.
Are you sure you want to abandon this character and quit the game? (Confirm with "yes".)

###### #....########
#...........# #..≈⌠.⌠≈≈≈≈.#
#..≈P...P.≈.##
#..⌠.####P≈..##########
#..⌠.#@.R.⌠......#.†...
#..≈.####.P......#.####
###########..⌠.....P≈......#...#
.............⌠P≈≈≈P≈.......###.##
............................÷.>..
################.....#.....####.#
..# # ..##.....#.....# #.# #(#
###. #.##.....#.....# #.#
#.......#####.##.....#.....# #.#


You could see the friendly Shatu-murrim the ancestor.

Vanquished Creatures
  A ball python (D:1)
  3 bats
  An endoplasm (D:1)
  A hobgoblin (D:2)
  4 jackals
  A kobold (D:1)
  2 quokkas
  A rat (D:1)
14 creatures vanquished.

Vanquished Creatures (others)
  A fungus (D:1)
1 creature vanquished.

Grand Total: 15 creatures vanquished

Notes
Turn   | Place    | Note
-------+----------+-------------------------------------------
     0 | D:1      | sanka the Deep Elf Transmuter began the quest for the Orb.
     0 | D:1      | Reached XP level 1. HP: 11/11 MP: 6/6
   281 | D:1      | Found a faded altar of an unknown god.
   304 | D:2      | Reached skill level 4 in Spellcasting
   304 | D:2      | Reached XP level 2. HP: 8/16 MP: 6/9
   921 | D:1      | Prayed at the altar of an unknown god.
   921 | D:1      | Became a worshipper of Hepliaklqana the Forgotten
   921 | D:1      | Reached * piety under Hepliaklqana
   922 | D:1      | Quit the game

Illustrated notes

Levels and vault maps discovered:
D:1:      shiori_arrival_elements, layout_basic,
          shapermc_ecumenical_altar_acropolis
D:2:      layout_loops_cross, serial_shops, nicolae_diamond_shop,
          kennysheep_generic_room_9

Skill      XL: |  1 |
---------------+----+-----
Spellcasting   | 4 |  4.4
Fighting       | |  0.7
Dodging        | |  2.4
Unarmed Combat | |  2.4
Transmutations | |  2.1

Action                   || total
-------------------------++-------
Melee: Unarmed           ||    30
       Kick              ||    10
       Punch             ||     2
       Headbutt          ||     2
 Cast: Beastly Appendage ||    12
Armor: Robe              ||    11
Dodge: Dodged            ||    27
